 Dungeon Crawl Stone Soup version 0.29.1-1-gd02db6906a (webtiles) character file.

Game seed: 3553006528790354593

5 Orsonium the Trooper (level 1, -2/18 HPs)
             Began as a Demonspawn Monk on Sept 21, 2022.
             Slain by a goblin
             ... wielding a +0 club
              (4 damage)
             ... on level 1 of the Dungeon.
             The game lasted 00:00:31 (72 turns).

Orsonium the Trooper (Demonspawn Monk)                Turns: 72, Time: 00:00:32

Health: -2/18      AC:  2    Str: 11    XL:     1   Next: 66%
Magic:  1/1        EV: 10    Int: 11    God:
Gold:   0          SH:  0    Dex: 15    Spells: 0/0 levels left

rFire   . . .      SeeInvis .   a - +0 spear
rCold   . . .      Faith    .   (no shield)
rNeg    . . .      Spirit   .   b - +0 robe
rPois   .          Reflect  .   (no helmet)
rElec   .          Harm     .   (no cloak)
rCorr   .          Rampage  .   (no gloves)
Will    .....                   (no boots)
Stlth   ++........              (no amulet)
HPRegen 0.06/turn               (no ring)
MPRegen 0.07/turn               (no ring)

@: constricted
A: no striking features
a: no special abilities


You were on level 1 of the Dungeon.
You visited 1 branch of the dungeon, and saw 1 of its levels.

Inventory:

Hand Weapons
 a - a +0 spear (weapon)
Armour
 b - a +0 robe (worn)
 d - a scarf of repulsion
Potions
 c - a potion of ambrosia


   Skills:
 + Level 3.1 Fighting
 + Level 2.7 Polearms
 + Level 2.7 Dodging
 + Level 1.9 Stealth


You couldn't memorise any spells.
You didn't know any spells.
Your spell library contained the following spells:

 Spells                   Type           Power      Damage    Failure   Level
 Magic Dart               Conj           0%         1d3       34%         1
 Call Imp                 Summ           0%         N/A       47%         2
 Dazzling Flash           Conj/Hex       0%         N/A       71%         3
 Mephitic Cloud           Conj/Pois/Air  0%         N/A       71%         3
 Iskenderun's Mystic Bla  Conj/Tloc      0%         2d3       98%         4
 Starburst                Conj/Fire      0%         6d3       100%        6


Dungeon Overview and Level Annotations

Branches:
Dungeon (1/15)

Altars:


Message History

A rat comes into view.
Things that are here:
a +0 short sword; 5 stones The hobgoblin misses you.
You barely miss the hobgoblin. The hobgoblin barely misses you.
You barely miss the hobgoblin. The hobgoblin hits you.
You hit the hobgoblin.
You kill the hobgoblin!
You hit the rat.
You kill the rat!
You start resting.
HP restored.
A ball python comes into view.
The ball python hisses angrily.
A goblin comes into view. It is wielding a +0 club.
The goblin shouts!
You see here a scarf of repulsion.
d - a scarf of repulsion The ball python bites you.
The ball python grabs you. The ball python constricts you.
You barely miss the ball python. The ball python bites you.
The ball python constricts you. The ball python bites you.
The ball python constricts you.
You completely miss the ball python.
The ball python bites you but does no damage.
The ball python constricts you.
You closely miss the ball python. The goblin hits you with a +0 club.
The ball python closely misses you. The ball python constricts you.
You hit the ball python but do no damage.
The goblin closely misses you. The ball python barely misses you.
The ball python constricts you.
You closely miss the ball python. The ball python bites you.
The ball python constricts you. The goblin hits you with a +0 club.
* * * LOW HITPOINT WARNING * * *
You hit the ball python.
The ball python is severely wounded.
The ball python bites you.
* * * LOW HITPOINT WARNING * * *
The ball python constricts you. The goblin hits you with a +0 club.
You die...

#.....#.#. ..
##..#......#. #..
..#........##...
...#.........
#...........
#..#......# #..#.....#
..##. #.....Sg# #
#..#.#. #..#...@#
.#..[.#.#
#...#.##......## #
#..#.#.......... #.
#..##........... ##
#.##.#.............
..###........)........
#.#.#.#######)#####..
#.#........†.######.
#....####........>..


You could see a goblin and a ball python.

Vanquished Creatures
  A goblin (D:1)
  A hobgoblin (D:1)
  A kobold (D:1)
  A bat (D:1)
  A rat (D:1)
5 creatures vanquished.

Notes
Turn   | Place    | Note
-------+----------+-------------------------------------------
     0 | D:1      | Orsonium the Demonspawn Monk began the quest for the Orb.
     0 | D:1      | Reached XP level 1. HP: 18/18 MP: 1/1
    72 | D:1      | Slain by a goblin

Illustrated notes

Levels and vault maps discovered:
D:1:      psy_arrival_basics, layout_loops_ring, shapermc_ecumenical_altar_gd,
          amethyst_killhole, chequers_serial_rivers_large_a,
          minmay_misc_feat_secret_circle, grunt_decor_fettered

Action                   || total
-------------------------++-------
Melee: Spear             ||    14
Armor: Robe              ||     1
Dodge: Dodged            ||     9
